 Dungeon Crawl Stone Soup version 0.23.0 (webtiles) character file.

Game seed: 3733627826012322976

982 vishdafish the Chopper (level 8, -3/56 HPs)
             Began as a Formicid Fighter on Feb 15, 2019.
             Was an Initiate of Yredelemnul.
             Slain by an orc warrior
             ... wielding a +0 halberd
              (22 damage)
             ... on level 5 of the Dungeon.
             The game lasted 00:08:34 (5439 turns).

vishdafish the Chopper (Formicid Fighter)           Turns: 5439, Time: 00:08:35

Health: -3/56      AC:  7    Str: 20 (21) XL:     8   Next: 40%
Magic:  8/8        EV:  8    Int: 11 (12) God:    Yredelemnul [......]
Gold:   208        SH: 10    Dex:  9 (10) Spells: 7/7 levels left

rFire    . . .     SeeInvis +   a - +0 war axe
rCold    . . .     Gourm    .   c - +0 shield
rNeg     + . .     Faith    .   b - +0 scale mail
rPois    .         Spirit   .   (helmet unavailable)
rElec    .         Reflect  .   (no cloak)
rCorr    .         Harm     .   (no gloves)
MR       .....     Clarity  +   (no boots)
Stlth    ..........             (no amulet)
HPRegen  0.18/turn              g - ring of positive energy
MPRegen  0.11/turn              (no ring)

@: no status effects
A: permanent stasis, dig shafts and tunnels, four strong arms, antennae 3,
clarity, clever 1, deterioration 1, frail 1
a: Dig, Shaft Self, Renounce Religion


You were on level 5 of the Dungeon.
You worshipped Yredelemnul.
Yredelemnul was noncommittal.
You were hungry.

You visited 2 branches of the dungeon, and saw 6 of its levels.

You collected 358 gold pieces.
You spent 150 gold pieces at shops.

Inventory:

Hand Weapons
 a - a +0 war axe (weapon)
Missiles
 m - 26 bolts
Armour
 b - a +0 scale mail (worn)
 c - a +0 shield (worn)
Jewellery
 g - a ring of positive energy (left hand)
Wands
 j - a wand of flame (17)
 o - a wand of disintegration (26)
Scrolls
 d - a scroll of identify
 e - 2 scrolls of teleportation
 h - a scroll of enchant weapon {unknown}
 i - a scroll of remove curse
 n - a scroll of blinking
 q - a scroll of magic mapping
Potions
 k - 2 potions of degeneration
 l - a potion of agility
 p - a potion of curing
Comestibles
 f - 6 rations


   Skills:
 + Level 5.5 Fighting
 * Level 6.1 Axes
 + Level 5.5 Armour
 + Level 6.0 Shields


You had 7 spell levels left.
You didn't know any spells.
Your spell library was empty.

Dungeon Overview and Level Annotations

Branches:
Dungeon (5/15)             Temple (1/1) D:5

Altars:
Dithmenos
Elyvilon
Fedhas
Gozag
Hepliaklqana
Kikubaaqudgha
Makhleb
Nemelex Xobeh
Sif Muna
Wu Jian
Xom
Yredelemnul
The Shining One

Shops:
D:4 *

Annotations:
D:3 1 runed translucent door


Innate Abilities, Weirdness & Mutations

You cannot be hasted, slowed, berserked, paralysed or teleported.
You can dig through walls and to a lower floor.
Your four strong arms can wield two-handed weapons with a shield.
You have a pair of large antennae on your head. (SInv)
You possess an exceptional clarity of mind.
Your mind is acute. (Int +2)
Your body sometimes deteriorates upon taking damage.
You are frail. (-10% HP)


Message History

The orc warrior hits you with a +0 halberd!
The orc priest hits you but does no damage.
You closely miss the orc priest.
The orc priest is almost dead.
You hit the orc warrior but do no damage.
The orc warrior barely misses you.
The orc priest hits you but does no damage.
You miss the orc priest.
The orc priest is almost dead.
You barely miss the orc warrior. You block the orc priest's attack.
The orc warrior closely misses you.
You hit the orc warrior.
The orc warrior is moderately wounded.
You hit the orc priest.
The orc priest calls down the wrath of Beogh upon you.
Beogh smites you!
Your body deteriorates!
You feel dopey.
The orc warrior hits you with a +0 halberd!!
You die...
Your body rises from the dead as a mindless zombie.

#.#.##.# ...... ..
.#.#.#.## ....... .
.#..... .# ...#....
#.#.#.### .# ...
..# # #.#...>.# ...
#.#.......##..#
#.#............##{
......$o....##..#.#
#o@.(.(.(....#
#.##.##.###..#
#.##.##.###..#####.
#..........(.......
#######.###.#.....
#.# #.# ..#
#.###.##..##.
#............
{#####
#####........


You could see an orc warrior and an orc priest.

Vanquished Creatures
  A sky beast (D:5)
  2 phantoms
  An ogre (D:4)
  A bullfrog (D:3)
  The ghost of George the Slasher, a weakling MiFi (D:3)
  A hound (D:5)
  A jelly (D:5)
  3 orc priests
  2 orc wizards (D:4)
  A bullfrog skeleton (D:4)
  An iguana (D:4)
  2 worker ants (D:4)
  9 adders
  An ooze (D:2)
  An adder skeleton (D:5)
  3 worms
  2 dart slugs
  5 leopard geckos
  17 orcs
  4 giant cockroaches
  9 goblins
  7 hobgoblins
  12 jackals
  A quokka (D:4)
  A ball python (D:3)
  8 bats
  2 frilled lizards
  A jackal skeleton (D:4)
  7 kobolds
  A quokka skeleton (D:4)
  9 rats
117 creatures vanquished.

Notes
Turn   | Place    | Note
-------+----------+-------------------------------------------
     0 | D:1      | vishdafish the Formicid Fighter began the quest for the
                  | Orb.
     0 | D:1      | Reached XP level 1. HP: 18/18 MP: 1/1
   256 | D:1      | Reached XP level 2. HP: 15/24 MP: 2/2
   741 | D:1      | Reached XP level 3. HP: 29/29 MP: 3/3
  1334 | D:2      | Reached XP level 4. HP: 37/37 MP: 4/4
  1392 | D:2      | You fall through a shaft for 2 floors!
  1470 | D:4      | Reached XP level 5. HP: 14/42 MP: 5/5
  2025 | D:2      | Reached XP level 6. HP: 48/48 MP: 6/6
  2134 | D:2      | Found a shimmering altar of Xom.
  2283 | D:2      | Found a blossoming altar of Fedhas.
  2688 | D:3      | Found a runed translucent door.
  2689 | D:3      | Noticed George's ghost (weakling MiFi)
  2700 | D:3      | Noticed a phantom
  2747 | D:3      | Killed a phantom
  2851 | D:3      | Found a runed translucent door.
  3052 | D:3      | Reached skill level 5 in Shields
  3052 | D:3      | Reached XP level 7. HP: 19/55 MP: 7/7
  3056 | D:3      | Killed George's ghost
  3357 | D:4      | Found an opulent altar of Gozag.
  3425 | D:4      | Reached skill level 5 in Axes
  3736 | D:4      | Found Lomidil's Assorted Antiques.
  3740 | D:4      | Bought a scroll labeled LAXKEXALAM for 26 gold pieces
  3740 | D:4      | Bought a scroll labeled XEUBIFA MIRYZ for 26 gold pieces
  3740 | D:4      | Bought a scroll labeled CUCOBUKKOTOA for 26 gold pieces
  3740 | D:4      | Bought a scroll labeled CUCOBUKKOTOA for 26 gold pieces
  3740 | D:4      | Bought a viscous white potion for 23 gold pieces
  3740 | D:4      | Bought a fuming coppery potion for 23 gold pieces
  3759 | D:4      | Gained mutation: Your body sometimes deteriorates upon
                  | taking damage. [potion of mutation]
  3759 | D:4      | Gained mutation: You possess an exceptional clarity of
                  | mind. [potion of mutation]
  3759 | D:4      | Gained mutation: You are frail. (-10% HP) [potion of
                  | mutation]
  3759 | D:4      | Gained mutation: Your mind is acute. (Int +2) [potion of
                  | mutation]
  3791 | D:4      | Found a white marble altar of Elyvilon.
  3946 | D:4      | Reached skill level 5 in Armour
  4023 | D:4      | Reached skill level 5 in Fighting
  4048 | D:4      | Reached XP level 8. HP: 39/55 MP: 8/8
  4300 | D:4      | Found a white marble altar of Elyvilon.
  4333 | D:5      | Entered Level 5 of the Dungeon
  4635 | D:5      | Found a staircase to the Ecumenical Temple.
  4647 | Temple   | Entered the Ecumenical Temple
  4689 | Temple   | Became a worshipper of Yredelemnul the Dark
  5079 | D:5      | Found a burning altar of Makhleb.
  5439 | D:5      | Slain by an orc warrior

Skill      XL: |  1  2  3  4  5  6  7  8 |
---------------+-------------------------+-----
Shields        | 4 5 6 |  6.0
Axes           | 3 4 5 6 |  6.1
Fighting       | 4 5 |  5.5
Armour         | 4 5 |  5.5

Action                   |  1- 3 |  4- 6 |  7- 9 || total
-------------------------+-------+-------+-------++-------
Melee: War axe           |   113 |   164 |   163 ||   440
  Use: Potion            |       |     3 |     2 ||     5
       Scroll            |       |       |     9 ||     9
  Eat: Chunk             |     1 |     5 |     5 ||    11
       Ration            |       |       |     1 ||     1
Armor: Scale mail        |    70 |    63 |    43 ||   176
       Skin              |       |     2 |     3 ||     5
Dodge: Dodged            |    45 |    61 |    68 ||   174
Block: Shield            |    64 |   106 |    83 ||   253
